 Dungeon Crawl Stone Soup version 0.31.0-12-g77e489cdc1 (webtiles) character file.

Game seed: 1134384823251168517

5667 M1RAB1L1S the Fighter (level 10, -6/88 (94) HPs)
             Began as a Demigod Fighter on Feb 13, 2024.
             Mangled by a centaur warrior simulacrum (11 damage)
             ... on level 7 of the Dungeon.
             The game lasted 01:16:20 (7924 turns).

M1RAB1L1S the Fighter (Demigod Fighter)             Turns: 7924, Time: 01:16:21

HP:   -6/88 (94)    AC: 15    Str: 23    XL:     10   Next: 23%
MP:   13/13         EV:  6    Int: 24    God:
Gold: 564           SH:  6    Dex: 13    Spells: 9/9 levels left

rFire   + . .        u - +4 broad axe (vamp)
rCold   + . .        c - +0 buckler
rNeg    + . .        C - +0 plate armour
rPois   +            i - +0 helmet
rElec   +            (no cloak)
rCorr   +            (no gloves)
SInv    .            (no boots)
Will    +....        (no amulet) Stlth
                     K - ring "Adifegy" {rCorr Str+2 Int+6 Stlth-}
HPRegen 0.34/turn    v - ring of positive energy
MPRegen 0.13/turn

%: no passive effects
@: resistant, drained
A: high MP 1, forlorn, divine attributes
a: no special abilities


You were on level 7 of the Dungeon.
You visited 1 branch of the dungeon, and saw 7 of its levels.
You also visited: Ossuary.

You collected 876 gold pieces.
You spent 312 gold pieces at shops.

Inventory:

Hand Weapons
 u - a +4 vampiric broad axe (weapon)
 w - a +0 scythe
Missiles
 h - 3 poisoned darts
 B - 5 boomerangs
 F - a curare-tipped dart
Armour
 c - a +0 buckler (worn)
 i - a +0 helmet (worn)
 C - a +0 plate armour (worn)
 D - a +3 ring mail
Magical Staves
 b - a staff of death
Jewellery
 v - a ring of positive energy (right hand)
 x - a ring of flight
 K - the ring "Adifegy" (left hand) {rCorr Str+2 Int+6 Stlth-}
   (You found it on level 7 of the Dungeon)

   [ring of intelligence]

   Str+2:     It affects your strength (+2).
   Int+6:     It affects your intelligence (+6).
   rCorr:     It protects you from acid and corrosion.
   Stlth-:    It makes you less stealthy.
Wands
 m - a wand of polymorph (10)
 y - a wand of paralysis (5)
 J - a wand of iceblast (13)
Scrolls
 f - a scroll of blinking {unknown}
 g - a scroll of fog
 j - 2 scrolls of teleportation
 k - 4 scrolls of revelation
 o - a scroll of amnesia {unknown}
 p - a scroll of immolation {unknown}
 q - a scroll of torment {unknown}
 s - 2 scrolls of silence
 z - a scroll of fear {unknown}
 E - 2 scrolls of vulnerability {unknown}
 I - a scroll of acquirement {unknown}
Potions
 a - 5 potions of curing
 d - a potion of might
 e - 3 potions of enlightenment
 n - a potion of berserk rage
 A - 2 potions of brilliance
 G - 3 potions of ambrosia
 H - a potion of heal wounds {unknown}


   Skills:
 * Level 10.9 Fighting
 - Level 1.7 Axes
 + Level 8.0 Armour
 + Level 8.0 Shields
 + Level 0.0 Spellcasting
 - Level 5.0 Necromancy


You had 9 spell levels left.
You didn't know any spells.
Your spell library contained the following spells:

 Spells                   Type           Power      Damage    Failure   Level
 Hailstorm                Conj/Ice       0%         3d5       100%        3
 Inner Flame              Hex/Fire       0%         N/A       100%        3
 Summon Ice Beast         Ice/Summ       0%         N/A       100%        3
 Flame Wave               Conj/Fire      0%         2d4       100%        4
 Sticky Flame             Fire/Alch      0%         2d4       100%        4
 Sculpt Simulacrum        Ice/Alch       0%         N/A       100%        6


Dungeon Overview and Level Annotations

Branches:
Dungeon (7/15)             Temple (0/1) D:7         Ossuary (visited)

Shops:
D:4 (**   D:5 !

Annotations:
D:7 1 transporter


Innate Abilities, Weirdness & Mutations

You have an increased reservoir of magic. (+10% MP)
You shall have no god before yourself.
Your divine heritage dramatically boosts your attributes as you level up.


Message History

You see here a +0 shortbow.
Partly explored, unvisited transporter.
You see here a +0 rapier.
There is a transporter here.
You enter the transporter and appear at another place.
l - a potion of resistance You open the gate.
A centaur warrior simulacrum comes into view.
Saving game... please wait.
Level annotation: 1 transporter Welcome back, M1RAB1L1S the Demigod Fighter.
Press ? for a list of commands and other information.
You closely miss the ice beast. You block the ice beast's attack.
The centaur warrior simulacrum barely misses you.
The centaur warrior simulacrum kicks you.
The centaur warrior simulacrum freezes you!!
You block the ice beast's attack.
You slash the ice beast!
You feel better.
The ice beast is heavily wounded.
You barely miss the centaur warrior simulacrum.
The centaur warrior simulacrum hits you!
The centaur warrior simulacrum freezes you!
The centaur warrior simulacrum kicks you but does no damage.
The ice beast barely misses you.
The centaur warrior simulacrum barely misses you.
The centaur warrior simulacrum kicks you.
The centaur warrior simulacrum freezes you!!
* * * LOW HITPOINT WARNING * * *
Okay, then.
You feel protected.
The centaur warrior simulacrum hits you!
* * * LOW HITPOINT WARNING * * *
The centaur warrior simulacrum freezes you.
You resist.
* * * LOW HITPOINT WARNING * * *
The centaur warrior simulacrum kicks you.
* * * LOW HITPOINT WARNING * * *
The centaur warrior simulacrum freezes you!
You resist.
You die...

'#####.##..##.......####..#
........#...........# ##.##
...#....#.##........# #.<#
.................#########.#
.....†....######## °°☼°# #.#
..)########○°..☼°#○☼°°☼# #.#
......##..#.○☼.☼☼#°°☼☼○###.#
.##....#..#☼°#.#.Z°○○[[#...#
.####.)..©#○☼©..@Y☼☼☼$©#©..##
.# #.....#○○#.#.°°○○$!#....#
.# #.#.###.☼☼.☼○#☼°☼☼○####.#
.# #.#.###○○..°☼#°○☼☼○# #.#
## #.#..######### ○°°.# #.# #
#.#........# ##### #.#
#.#.####.#.# #.# ###
#..........# ##.#
..#####.####...# #..#


You could see an ice beast and a centaur warrior simulacrum.

Vanquished Creatures
  A two-headed ogre (D:6)
  Prince Ribbit (D:5)
  A wyvern (D:7)
  Menkaure (D:5)
  Edmund (D:4)
  An acid dragon (D:7)
  2 black bears (D:7)
  An ice beast (D:6)
  2 orc warriors
  2 sky beasts (D:7)
  3 ogres
  2 centaurs (D:7)
  Blork the orc (D:5)
  A phantom (D:7)
  An elf zombie (Ossuary)
  A kobold brigand (D:7)
  6 bullfrogs
  A scorpion (D:4)
  2 burial acolytes (Ossuary)
  5 wights (D:7)
  5 killer bees (D:7)
  A howler monkey (D:7)
  2 electric eels (D:7)
  6 bombardier beetles
  A human zombie (Ossuary)
  A jelly (D:4)
  5 hounds
  A sleepcap (D:5)
  A gnoll bouda (D:7)
  4 iguanas
  An orc wizard (D:6)
  3 mummies
  4 gnolls
  5 adders
  2 shadow imps
  A white imp (D:7)
  3 ufetubi
  An adder zombie (Ossuary)
  2 dart slugs
  2 ribbon worms
  16 orcs
  6 ball pythons
  8 bats
  8 endoplasms
  2 giant cockroaches (D:3)
  9 goblins
  9 hobgoblins
  13 kobolds
  4 quokkas
  A frilled lizard (D:3)
  A kobold zombie (Ossuary)
  An orc zombie (Ossuary)
  3 rats
168 creatures vanquished.

Vanquished Creatures (others)
  A white imp (D:7)
1 creature vanquished.

Grand Total: 169 creatures vanquished

Notes
Turn   | Place    | Note
-------+----------+-------------------------------------------
     0 | D:1      | M1RAB1L1S the Demigod Fighter began the quest for the Orb.
     0 | D:1      | Reached XP level 1. HP: 18/18 MP: 3/3
   363 | D:1      | Reached skill level 3 in Fighting
   363 | D:1      | Reached XP level 2. HP: 16/26 MP: 4/4
   875 | D:2      | Reached skill level 1 in Necromancy
   875 | D:2      | Reached XP level 3. HP: 25/31 MP: 5/5
  1143 | D:2      | Reached XP level 4. HP: 33/40 MP: 6/6
  2457 | D:3      | Reached skill level 4 in Fighting
  2457 | D:3      | Reached XP level 5. HP: 46/46 MP: 7/7
  3289 | D:4      | Found Oqik's Antique Weapon Emporium.
  3312 | D:4      | Bought a glowing broad axe for 140 gold pieces
  3503 | D:4      | Noticed an ogre
  3509 | D:4      | Killed an ogre
  3510 | D:4      | Reached XP level 6. HP: 52/53 MP: 8/8
  3534 | D:4      | Noticed a profane servitor
  3543 | D:4      | Noticed an angel
  3575 | D:4      | Found Iseimal's General Store.
  3578 | D:4      | Found Xoxt's Specific Store.
  3590 | D:4      | Bought a scroll of enchant weapon for 82 gold pieces
  3750 | D:4      | Noticed Edmund
  3762 | D:4      | Killed Edmund
  3763 | D:4      | Reached skill level 5 in Fighting
  3777 | D:4      | Found Zin's Purification Station.
  3783 | D:4      | Bought a potion of curing for 90 gold pieces
  4075 | D:5      | Entered Level 5 of the Dungeon
  4195 | D:5      | Found Ijuub's Distillery.
  4212 | D:5      | Noticed Prince Ribbit
  4223 | D:5      | Reached XP level 7. HP: 51/61 MP: 9/9
  4247 | D:5      | Killed Prince Ribbit
  4648 | D:5      | Noticed Blork the orc
  4662 | D:5      | Killed Blork the orc
  4859 | D:5      | Reached skill level 6 in Fighting
  4956 | D:5      | Reached skill level 9 in Fighting
  4956 | D:5      | Reached XP level 8. HP: 79/79 MP: 10/10
  5201 | D:5      | Noticed Menkaure
  5242 | D:5      | Killed Menkaure
  5243 | D:5      | Reached XP level 9. HP: 39/85 MP: 11/11
  5762 | D:6      | Reached skill level 10 in Fighting
  5921 | D:6      | Noticed a two-headed ogre
  5956 | D:6      | Killed a two-headed ogre
  6194 | D:7      | Found a transporter.
  6402 | D:7      | Found a sand-covered staircase.
  6420 | Ossuary  | Entered an ossuary
  6420 | Ossuary  | Found a huge runed translucent gate.
  6420 | Ossuary  | Found a huge runed translucent gate.
  6420 | Ossuary  | Found a huge runed translucent gate.
  6420 | Ossuary  | Found a huge runed translucent gate.
  6420 | Ossuary  | Found a huge runed translucent gate.
  6420 | Ossuary  | Found a huge runed translucent gate.
  6420 | Ossuary  | Found a huge runed translucent gate.
  6420 | Ossuary  | Found a huge runed translucent gate.
  6469 | Ossuary  | Found a huge runed translucent gate.
  6469 | Ossuary  | Found a huge runed translucent gate.
  6469 | Ossuary  | Found a huge runed translucent gate.
  6470 | Ossuary  | Found a huge runed translucent gate.
  6470 | Ossuary  | Found a huge runed translucent gate.
  6472 | Ossuary  | Found a huge runed translucent gate.
  6472 | Ossuary  | Found a huge runed translucent gate.
  6479 | Ossuary  | Found a huge runed translucent gate.
  6479 | Ossuary  | Found a huge runed translucent gate.
  6479 | Ossuary  | Found a huge runed translucent gate.
  6479 | Ossuary  | Found a huge runed translucent gate.
  6479 | Ossuary  | Found a huge runed translucent gate.
  6480 | Ossuary  | Found a huge runed translucent gate.
  6480 | Ossuary  | Found a huge runed translucent gate.
  6482 | Ossuary  | Found a huge runed translucent gate.
  6482 | Ossuary  | Found a huge runed translucent gate.
  6483 | Ossuary  | Found a huge runed translucent gate.
  6483 | Ossuary  | Found a huge runed translucent gate.
  6484 | Ossuary  | Found a huge runed translucent gate.
  6484 | Ossuary  | Found a huge runed translucent gate.
  6489 | Ossuary  | Found a huge runed translucent gate.
  6489 | Ossuary  | Found a huge runed translucent gate.
  6491 | Ossuary  | Found a huge runed translucent gate.
  6491 | Ossuary  | Found a huge runed translucent gate.
  6491 | Ossuary  | Found a huge runed translucent gate.
  6491 | Ossuary  | Found a huge runed translucent gate.
  6505 | Ossuary  | Found a huge runed translucent gate.
  6808 | D:7      | Found a staircase to the Ecumenical Temple.
  6855 | D:7      | Found a transporter.
  7066 | D:7      | Reached XP level 10. HP: 63/94 MP: 13/13
  7258 | D:7      | Identified the ring "Adifegy" {rCorr Str+2 Int+6 Stlth-}
  7904 | D:7      | Reached skill level 5 in Necromancy
  7924 | D:7      | Mangled by a centaur warrior simulacrum

Illustrated notes

Levels and vault maps discovered:
D:1:      mushboom_english_gardens, layout_loops_ring
D:2:      minmay_general_purpose_star, layout_loops_ring, basic_altar,
          minmay_goblin_outpost
D:3:      minmay_door_path, layout_loops_ring, slow_altar_2,
          chequers_ecumenical_altar_lobes, minivault_19
D:4:      nicolae_cairo_tiling_large, layout_rooms,
          grunt_temple_overflow_holy_war, zin_purify, serial_shops, shop_coins,
          nicolae_specific_store, sigmund_army, uniq_edmund
D:5:      layout_basic, okawaru_ov_weapons_minmay,
          mainiacjoe_overflow_small_starburst, serial_shops, nicolae_shop_trees,
          uniq_blork_the_orc, uniq_menkaure, uniq_prince_ribbit1
D:6:      layout_rooms, kennysheep_mini
D:7:      gammafunk_cloud_chamber, layout_basic, minmay_temple_entry_tees,
          gup_ossuary_entry_pyramid, serial_bayou_pond_b, minmay_statues_item,
          minmay_alternating_orb

Skill      XL: |  1  2  3  4  5  6  7  8  9 10 |
---------------+-------------------------------+-----
Fighting       | 3 4 5 9 10 | 10.9
Armour         | 3 4 7 8 |  8.0
Shields        | 3 4 7 8 |  8.0
Necromancy     | 1 2 3 4 5 |  5.0
Axes           | |  1.7

Action                     |  1- 3 |  4- 6 |  7- 9 | 10-12 || total
---------------------------+-------+-------+-------+-------++-------
  Melee: War axe           |   111 |   123 |       |       ||   234
         Broad axe         |       |    67 |   257 |    61 ||   385
  Throw: Stone             |    16 |    20 |    38 |     6 ||    80
  Evoke: Wand              |       |       |     2 |       ||     2
    Use: Scroll            |       |     6 |     7 |     3 ||    16
         Potion            |       |       |     4 |     1 ||     5
   Stab: Paralysed         |       |       |     7 |       ||     7
 Armour: Scale mail        |    76 |   134 |    83 |       ||   293
         Plate armour      |       |       |   208 |    69 ||   277
  Dodge: Dodged            |    49 |    88 |   119 |    16 ||   272
  Block: Buckler           |    25 |    55 |    98 |    17 ||   195
